 Dungeon Crawl Stone Soup version 0.17.0-26-gececa24 (webtiles) character file.

931 Raultor the Insei (level 8, 0/56 HPs)
             Began as an Octopode Monk on Nov 19, 2015.
             Slain by an ice beast (7 damage)
             ... on level 5 of the Dungeon.
             The game lasted 00:11:12 (4992 turns).

Raultor the Insei (Octopode Monk)                   Turns: 4992, Time: 00:11:13

Health: 0/56       AC:  1    Str: 10 (11) XL:     8   Next: 11%
Magic:  17/17      EV: 16    Int: 17      God:
Gold:   346        SH:  0    Dex: 16      Spells: 0 memorised, 7 levels left

rFire  . . .     SeeInvis .       - Unarmed
rCold  . . .     Clarity  .     (no shield)
rNeg   . . .     SustAt   .     (helmet restricted)
rPois  .         Gourm    .     (no amulet)
rElec  .         Spirit   .     o - ring of protection from magic
rCorr  .         Warding  .     z - ring of magical power
rMut   .         Stasis   .     (no ring)
MR     +....                    (no ring)
Stlth  +++.......               (no ring)
                                (no ring)
                                (no ring)
                                (no ring)

@: brilliant, somewhat resistant to hostile enchantments, fairly stealthy
A: almost no armour, amphibious, 8 rings, constrict 8, camouflage 1, gelatinous
body 1
a: no special abilities


You were on level 5 of the Dungeon.
You were very hungry.

You visited 1 branch of the dungeon, and saw 6 of its levels.

You collected 346 gold pieces.

Inventory:

Missiles
 e - 198 stones (quivered)
Armour
 w - a +0 buckler
Rods
 u - a +0 iron rod (14/14)
   (You found it on level 4 of the Dungeon)
Jewellery
 o - a ring of protection from magic (left tentacle)
 z - a ring of magical power (right tentacle)
Wands
 B - a wand of frost (17)
Scrolls
 b - 2 scrolls of enchant armour {unknown}
 c - 2 scrolls of identify {unknown}
 d - 2 scrolls of random uselessness {unknown}
 f - 2 scrolls of teleportation {unknown}
 g - 2 scrolls of magic mapping {unknown}
 i - a scroll of fog {unknown}
 j - a scroll of noise {unknown}
 k - 4 scrolls of immolation {unknown}
 n - 2 scrolls of remove curse {unknown}
 s - a scroll of enchant weapon {unknown}
 y - a scroll of amnesia {unknown}
Potions
 m - a potion of brilliance
 p - a potion of cancellation {unknown}
 v - a potion of mutation {unknown}
 A - a potion of degeneration
Books
 x - a book of Burglary

   Spells                             Type                      Level
   a - Swiftness                      Charms/Air                   2
   b - Passwall                       Transmutation/Earth          3
   c - Passage of Golubria            Translocation                4
   d - Lee's Rapid Deconstruction     Earth                        5
   e - Darkness                       Hexes                        6
   f - Invisibility                   Hexes                        6
Comestibles
 a - 5 bread rations
 l - 3 beef jerkies
 q - 2 meat rations
 r - 3 fruits
 t - a slice of pizza


   Skills:
 + Level 5.5 Fighting
 + Level 6.0 Dodging
 - Level 2.6 Stealth
 + Level 6.7 Unarmed Combat
 + Level 1.2 Evocations


You had 7 spell levels left.
You didn't know any spells.

Dungeon Overview and Level Annotations

Branches:
Dungeon (6/15)
 Temple: D:4-7

Altars:
Nemelex Xobeh
Okawaru
Vehumet

Shops:
D:6 (

Annotations:
D:6 BlindIo's ghost, amateur OpAs; Sigmund


Innate Abilities, Weirdness & Mutations

You cannot wear most types of armour.
You are amphibious.
You can wear up to eight rings at the same time.
You can use your tentacles to constrict eight enemies at once.
Your skin changes colour to match your surroundings (Stealth).
Your rubbery body absorbs attacks (AC +1).


Message History

A mysterious force pulls you upwards. The hatch slams shut behind you.
Unknown command.
Drink which item? (? for menu, Esc to quit)
Okay, then.
Drink which item? (? for menu, Esc to quit)
It was a potion of degeneration.
There was something very wrong with that liquid.
You feel weakened. The ice beast closely misses you.
Drink which item? (? for menu, Esc to quit)
It was a potion of brilliance.
You feel clever all of a sudden. The ice beast hits you.
The ice beast freezes you.
* * * LOW HITPOINT WARNING * * *
Drink which item? (? for menu, Esc to quit)
It was a potion of cure mutation.
It has a very clean taste.
The ice beast hits you.
* * * LOW HITPOINT WARNING * * *
The ice beast freezes you!
You die...

## ####### ############## .#
#.....#########.......##...# .#
#.....##....Y.........##...#
.###.....##.....@........##...###
.'.'.....''...............'...'..
.###.....##..............##...###
.# #.....##..............##...#
.###.....##..............##...###
..##.....##..............##...##.
..#...#####..............##...##.
..#.#######..............##...##.
..'..............[..............)


You could see an ice beast.

Vanquished Creatures
  Pikel (D:4)
  3 slaves (D:4)
  A scorpion (D:5)
  Ijyb (D:2)
  A hound (D:5)
  3 orc wizards
  Terence (D:3)
  4 worker ants
  A hound skeleton (D:5)
  5 adders
  4 worms
  7 giant geckos
  8 orcs
  5 giant cockroaches
  3 goblins
  10 hobgoblins
  3 jackals (D:3)
  3 quokkas
  2 ball pythons (D:2)
  A ball python skeleton (D:4)
  7 bats
  A giant gecko skeleton (D:5)
  A giant newt (D:1)
  A jackal zombie (D:5)
  7 kobolds
  A quokka zombie (D:5)
  5 rats
90 creatures vanquished.

Notes
Turn   | Place    | Note
--------------------------------------------------------------
     0 | D:1      | Raultor the Octopode Monk began the quest for the Orb.
     0 | D:1      | Reached XP level 1. HP: 16/16 MP: 1/1
   169 | D:1      | Reached XP level 2. HP: 13/21 MP: 2/2
   599 | D:1      | Reached XP level 3. HP: 26/26 MP: 3/3
   761 | D:2      | Noticed Ijyb
  1081 | D:2      | Killed Ijyb
  1081 | D:2      | Reached XP level 4. HP: 23/31 MP: 4/4
  1973 | D:3      | Reached skill level 5 in Unarmed Combat
  1973 | D:3      | Reached XP level 5. HP: 5/37 MP: 5/5
  2292 | D:3      | Found a faded altar to an unknown god.
  2359 | D:3      | Found an iron altar of Okawaru.
  2360 | D:3      | Found a sparkling altar of Nemelex Xobeh.
  2543 | D:3      | Noticed Terence
  2552 | D:3      | Killed Terence
  2851 | D:4      | Noticed Pikel
  2851 | D:4      | Noticed a slave
  2877 | D:4      | Reached XP level 6. HP: 13/43 MP: 6/6
  3208 | D:4      | Noticed a slave
  3234 | D:4      | Noticed a slave
  3256 | D:4      | Killed a slave
  3257 | D:4      | Noticed a slave
  3263 | D:4      | Killed a slave
  3276 | D:4      | Killed a slave
  3640 | D:4      | Killed Pikel
  3640 | D:4      | Reached skill level 5 in Fighting
  3640 | D:4      | Reached skill level 5 in Dodging
  3640 | D:4      | Reached skill level 6 in Unarmed Combat
  3640 | D:4      | Reached XP level 7. HP: 28/50 MP: 7/7
  3839 | D:5      | Entered Level 5 of the Dungeon
  4123 | D:5      | Reached skill level 1 in Evocations
  4123 | D:5      | Reached XP level 8. HP: 56/56 MP: 8/8
  4723 | D:6      | Found Elydeh's Antique Weapon Shoppe.
  4770 | D:6      | Found a radiant altar of Vehumet.
  4772 | D:6      | Noticed Sigmund
  4817 | D:6      | Noticed BlindIo's ghost (amateur OpAs)
  4992 | D:5      | Slain by an ice beast

Action                   |  1- 3 |  4- 6 |  7- 9 || total
-------------------------+-------+-------+-------++-------
Melee: Unarmed           |    65 |   122 |    50 ||   237
Throw: Stone             |     1 |     7 |       ||     8
Evoke: Wand              |       |     5 |       ||     5
  Use: Potion            |       |     4 |     3 ||     7
 Stab: Sleeping          |    13 |     8 |     7 ||    28
       Distracted        |       |     1 |       ||     1
  Eat: Chunk             |       |     7 |     3 ||    10
       Pizza             |       |       |     1 ||     1
